 Dungeon Crawl Stone Soup version 0.29.1-1-gd02db6906a (webtiles) character file.

Game seed: 13409049326447784990

143 styxcanada the Sneak (level 5, -2/26 HPs)
             Began as a Spriggan Brigand on Oct 13, 2022.
             Succumbed to their own poison gas
             ... on level 3 of the Dungeon on Oct 14, 2022.
             The game lasted 00:09:06 (2435 turns).

styxcanada the Sneak (Spriggan Brigand)             Turns: 2435, Time: 00:09:06

Health: -2/26      AC:  3    Str:  7    XL:     5   Next: 4%
Magic:  6/6        EV: 18    Int: 12    God:
Gold:   109        SH:  0    Dex: 19    Spells: 4/4 levels left

rFire   . . .      SeeInvis +   a - +2 dagger
rCold   . . .      Faith    .   (no shield)
rNeg    . . .      Spirit   .   b - +0 robe
rPois   .          Reflect  .   (helmet restricted)
rElec   .          Harm     .   c - +0 cloak
rCorr   .          Rampage  .   (gloves unavailable)
Will    .....                   (boots unavailable)
Stlth   ++++......              (no amulet)
HPRegen 0.08/turn               (no ring)
MPRegen 0.10/turn               (no ring)

@: lethally poisoned (-2 -> -57), very quick
A: very small, no large weapons, unfitting armour, see invisible, speed 3
a: no special abilities


You were on level 3 of the Dungeon.
You visited 1 branch of the dungeon, and saw 3 of its levels.

You collected 109 gold pieces.

Inventory:

Hand Weapons
 a - a +2 dagger (weapon)
Missiles
 i - 5 stones (quivered)
Armour
 b - a +0 robe (worn)
 c - a +0 cloak (worn)
Scrolls
 g - a scroll of fog {unknown}
 h - a scroll of acquirement {unknown}
 k - a scroll of identify {unknown}
 n - 2 scrolls of enchant weapon {unknown}
 p - a scroll of summoning {unknown}
 r - 2 scrolls of torment {unknown}
 s - a scroll of immolation {unknown}
 u - a scroll of magic mapping {unknown}
Potions
 j - a potion of magic {unknown}
 l - a potion of flight {unknown}
 m - 2 potions of might {unknown}
 o - a potion of cancellation {unknown}
 q - 2 potions of heal wounds {unknown}
 t - a potion of attraction {unknown}


   Skills:
 * Level 2.1 Fighting
 + Level 3.0 Short Blades
 + Level 2.5 Throwing
 * Level 3.1 Dodging
 * Level 7.5 Stealth


You had 4 spell levels left.
You didn't know any spells.
Your spell library contained the following spells:

 Spells                   Type           Power      Damage    Failure   Level
 Beastly Appendage        Tmut           0%         N/A       32%         1
 Blink                    Tloc           0%         N/A       45%         2
 Wereblood                Tmut           0%         N/A       45%         2
 Lesser Beckoning         Tloc           0%         N/A       69%         3
 Spider Form              Tmut/Pois      0%         N/A       69%         3
 Anguish                  Hex/Necr       0%         N/A       97%         4
 Manifold Assault         Tloc           0%         N/A       100%        5
 Enfeeble                 Hex            0%         N/A       100%        7


Dungeon Overview and Level Annotations

Branches:
Dungeon (3/15)

Altars:


Innate Abilities, Weirdness & Mutations

You are very small and have problems with some larger weapons.
You are too small for most types of armour.
You have supernaturally acute eyesight. (SInv)
You cover ground extremely quickly. (Speed+++)


Message History

Okay, then.
You bump into the rock wall.
The orc wizard mumbles some strange words.
The orc wizard flickers and vanishes for a moment.
You bump into the rock wall.
You feel less confused.
Throw: 6 stones
Press: ? - help, Q - select action Shift-Dir - straight line, f/p - orc wizard
Aim: an orc wizard, wielding a +0 dagger and wearing a +0 robe (slightly transparent, 56% to hit)
You throw a stone.
The stone hits the orc wizard but does no damage.
The orc wizard gestures at you while chanting.
The magic dart hits you.
The air fills with toxic fumes!
As you read the scroll labelled GAEPEA QUBYOMA, it crumbles to dust.
It was a scroll of poison.
The orc wizard points at you and mumbles some strange words.
You are confused.
Okay, then.
You are too confused!
You are too confused!
You bump into the rock wall.
You're too confused to move!
Unknown command.
You bump into the rock wall.
You bump into the rock wall.
You are engulfed in poison gas.
You are lethally poisoned!
You feel very sick. The orc wizard casts a spell at you.
The puff of flame hits you.
You are engulfed in poison gas.
You are more poisoned.
You feel less confused.
* * * LOW HITPOINT WARNING * * *
You feel very sick.
You are engulfed in poison gas.
You are more poisoned.
* * * LOW HITPOINT WARNING * * *
You die...

....#...# #.#o###########.#
....#...#### #.#§###########.##
....##.....###.#§#.........(..#
....##......†..#§#....o...o...#
....##.....#...#§#......o.o...#
....######.#...#.#.....().....#
....######.#...#§#.....(......#
.......).#.#...#§#...(........#
.........#.#...#@#............#
.........#.#...#§###########.##
.........#.#####☼# .#
.........#.# #○# .#
.........#.#####○#
.........#.......#
.........#####...##
.........#........#
.........#.###....#


There were no monsters in sight!

Vanquished Creatures
  Jessica (D:3)
  Terence (D:3)
  3 adders (D:3)
  A worm (D:2)
  2 dart slugs (D:2)
  6 orcs (D:3)
  3 ball pythons
  4 endoplasms
  3 giant cockroaches
  7 goblins
  5 hobgoblins
  2 jackals (D:1)
  A quokka (D:3)
  7 bats
  3 frilled lizards
  3 kobolds
52 creatures vanquished.

Notes
Turn   | Place    | Note
-------+----------+-------------------------------------------
     0 | D:1      | styxcanada the Spriggan Brigand began the quest for the
                  | Orb.
     0 | D:1      | Reached XP level 1. HP: 10/10 MP: 2/2
    72 | D:1      | Reached skill level 6 in Stealth
   372 | D:1      | Found a faded altar of an unknown god.
   378 | D:1      | Reached XP level 2. HP: 15/15 MP: 3/3
  1089 | D:2      | Reached XP level 3. HP: 12/18 MP: 4/4
  1781 | D:3      | Reached skill level 7 in Stealth
  1845 | D:3      | Reached XP level 4. HP: 17/23 MP: 5/5
  1866 | D:3      | Noticed Jessica
  1915 | D:3      | Killed Jessica
  1994 | D:3      | Noticed Terence
  2001 | D:3      | Killed Terence
  2315 | D:3      | Reached XP level 5. HP: 26/26 MP: 6/6
  2435 | D:3      | Succumbed to their own poison gas

Illustrated notes

Levels and vault maps discovered:
D:1:      dpeg_arrival_boxorama, layout_rooms, basic_ecumenical_altar,
          chequers_big_river, minivault_23
D:2:      layout_rooms, serial_rivers, chequers_serial_rivers_micro_c,
          chequers_serial_rivers_room_b, chequers_serial_rivers_small_b,
          chequers_serial_rivers_micro_c, chequers_serial_rivers_small_a,
          chequers_serial_rivers_small_3, hangedman_decor_slide_cut,
          minmay_misc_feat_tiny, minmay_statues_item
D:3:      layout_basic, uniq_jessica, uniq_terence

Skill      XL: |  1  2  3  4 |
---------------+-------------+-----
Stealth        | 6 7 |  7.5
Dodging        | 2 3 |  3.1
Fighting       | 2 |  2.1
Short Blades   | 3 |  3.0
Throwing       | |  2.5

Action                   |  1- 3 |  4- 6 || total
-------------------------+-------+-------++-------
Melee: Dagger            |   113 |    33 ||   146
Throw: Dart              |    18 |    17 ||    35
       Stone             |       |     2 ||     2
  Use: Scroll            |       |     1 ||     1
 Stab: Sleeping          |     5 |     5 ||    10
       Distracted        |       |     1 ||     1
Armor: Robe              |    21 |     4 ||    25
Dodge: Dodged            |    70 |    15 ||    85
